MWL (24 & UNDER)
LEE'S SUMMIT TIGERS @ CINCINNATI PRIDE
09/14/2030
 
TOP OF THE 1ST
Lee's Summit Tigers batting - Pitching for Cincinnati Pride : LHP Pedro Castro
Pitching: LHP Pedro Castro
Batting: RHB José Deleón 0-0: Ball
1-0: DOUBLE (Line Drive, 7D)
Batting: RHB William Flores 0-0: Ball
1-0: Swinging Strike
1-1: Ground out 6-3 (Groundball, 6)
Batting: LHB Brian Lawson 0-0: Called Strike
0-1: Ball
1-1: Foul Ball, location: 2F
1-2: Foul Ball, location: 2F
1-2: Ball
2-2: Fly out, F8 (Flyball, 8LXD)
Runner from 2nd tags up, SAFE at 3rd, no throw
Batting: RHB Tommy Smith 0-0: Called Strike
0-1: Ball
1-1: Swinging Strike
1-2: Fly out, F9 (Line Drive, 9LM)
Top of the 1st over - 0 runs, 1 hit, 0 errors, 1 left on base; Lee's Summit 0 - Cincinnati 0
BOTTOM OF THE 1ST
Cincinnati Pride batting - Pitching for Lee's Summit Tigers : RHP Renato Camardiel
Pitching: RHP Renato Camardiel
Batting: LHB Ed Ballard 0-0: Fly out, F9 (Flyball, 89D)
Batting: LHB Juan Ortíz 0-0: Ball
1-0: Fly out, F8 (Flyball, 8RD)
Batting: LHB Pablo Garza 0-0: Called Strike
0-1: Ball
1-1: Ball
2-1: Ball
3-1: Foul Ball, location: 2F
3-2: Strikes out swinging
Bottom of the 1st over - 0 runs, 0 hits, 0 errors, 0 left on base; Lee's Summit 0 - Cincinnati 0
TOP OF THE 2ND
Lee's Summit Tigers batting - Pitching for Cincinnati Pride : LHP Pedro Castro
Batting: LHB Víctor Piña 0-0: Ball
1-0: Ball
2-0: Called Strike
2-1: Ball
3-1: Called Strike
3-2: SINGLE (Flyball, 56D)
Batting: RHB Juan Rodríguez 0-0: Swinging Strike
0-1: Ball
1-1: Ball
2-1: Swinging Strike
2-2: Ball
3-2: SINGLE (Groundball, 6MD)
Víctor Piña to second
Runner from 2nd tries for 3rd, SAFE, throw made to third
Batting: RHB Josh Martin 0-0: Called Strike
0-1: Called Strike
0-2: Ball
1-2: Ball
2-2: Foul Ball, location: 2F
2-2: Foul Ball, location: 2F
2-2: Strikes out looking
Batting: LHB Claudio Jiménez 0-0: Swinging Strike
0-1: Swinging Strike
0-2: Strikes out swinging
Batting: SHB Enrique Bartoccini 0-0: Called Strike
0-1: Swinging Strike
0-2: Strikes out looking
Top of the 2nd over - 0 runs, 2 hits, 0 errors, 2 left on base; Lee's Summit 0 - Cincinnati 0
BOTTOM OF THE 2ND
Cincinnati Pride batting - Pitching for Lee's Summit Tigers : RHP Renato Camardiel
Batting: LHB Terry Barton 0-0: Called Strike
0-1: Ball
1-1: Ground out 3-1 (Groundball, 34S)
Batting: LHB Kevin Hatcher 0-0: Ball
1-0: Ball
2-0: Ball
3-0: Called Strike
3-1: Base on Balls
Batting: RHB Dudley Helms 0-0: Foul Ball, location: 2F
0-1: Fly out, F8 (Flyball, 78D)
Batting: LHB Gene Cherry 0-0: Ball
Kevin Hatcher steals 2nd base
1-0: Called Strike
1-1: Ground out 6-3 (Groundball, 6M)
Bottom of the 2nd over - 0 runs, 0 hits, 0 errors, 1 left on base; Lee's Summit 0 - Cincinnati 0
TOP OF THE 3RD
Lee's Summit Tigers batting - Pitching for Cincinnati Pride : LHP Pedro Castro
Batting: RHB José Deleón 0-0: SINGLE (Flyball, 89S)
Batting: RHB William Flores 0-0: Ball
1-0: Called Strike
1-1: Foul Ball, location: 2F
1-2: SINGLE (Line Drive, 7S)
José Deleón to second
Batting: LHB Brian Lawson 0-0: Swinging Strike
0-1: Ball
1-1: Fly out, F8 (Flyball, 8RD)
Runner from 2nd tags up, SAFE at 3rd with throw
Batting: RHB Tommy Smith 0-0: Called Strike
0-1: Foul Ball, location: 2F
0-2: Ball
1-2: Foul Ball, location: 2F
1-2: Ball
2-2: Foul Ball, location: 2F
2-2: Foul Ball, location: 2F
2-2: Reached on error, E6 (Groundball, 56D)
José Deleón scores
William Flores to second
Batting: LHB Víctor Piña 0-0: Ball
1-0: Called Strike
William Flores steals 3rd base
1-1: SINGLE (Flyball, 89S)
William Flores scores
Tommy Smith to second
Batting: RHB Juan Rodríguez 0-0: Ball
1-0: Ball
2-0: Ball
3-0: Base on Balls
Tommy Smith to third
Víctor Piña to second
Batting: RHB Josh Martin 0-0: Ground out 5-3 (Groundball, 56S)
Tommy Smith scores
Víctor Piña to third
Juan Rodríguez to second
Batting: LHB Claudio Jiménez 0-0: Ball
1-0: Fly out, F8 (Line Drive, 8LXD)
Top of the 3rd over - 3 runs, 3 hits, 1 error, 2 left on base; Lee's Summit 3 - Cincinnati 0
BOTTOM OF THE 3RD
Cincinnati Pride batting - Pitching for Lee's Summit Tigers : RHP Renato Camardiel
Batting: RHB Owen Grant 0-0: Called Strike
0-1: Called Strike
0-2: Ball
1-2: Strikes out looking
Batting: RHB Ed Hines 0-0: Fly out, F8 (Flyball, 8RXD)
Batting: LHB Ed Ballard 0-0: Ball
1-0: Ball
2-0: Called Strike
2-1: Called Strike
2-2: Ball
3-2: Foul Ball, location: 2F
3-2: Foul Ball, location: 2F
3-2: Foul Ball, location: 2F
3-2: Foul Ball, location: 2F
3-2: Foul Ball, location: 2F
3-2: Foul Ball, location: 2F
3-2: Foul Ball, location: 2F
3-2: Foul Ball, location: 2F
3-2: Foul Ball, location: 2F
3-2: Base on Balls
Batting: LHB Juan Ortíz 0-0: Ball
1-0: Called Strike
1-1: Ball
2-1: Called Strike
2-2: Fly out, F9 (Line Drive, 9)
Bottom of the 3rd over - 0 runs, 0 hits, 0 errors, 1 left on base; Lee's Summit 3 - Cincinnati 0
TOP OF THE 4TH
Lee's Summit Tigers batting - Pitching for Cincinnati Pride : LHP Pedro Castro
Batting: SHB Enrique Bartoccini 0-0: Ball
1-0: Ball
2-0: Called Strike
2-1: Called Strike
2-2: Ball
3-2: Strikes out swinging
Batting: RHB José Deleón 0-0: Ball
1-0: Ball
2-0: Called Strike
2-1: Ball
3-1: SINGLE (Groundball, 4MD)
Batting: RHB William Flores 0-0: Called Strike
0-1: Foul Ball, location: 2F
0-2: Foul Ball, location: 2F
0-2: Strikes out swinging
Batting: LHB Brian Lawson 0-0: Ball
1-0: Ball
2-0: Called Strike
2-1: Ball
3-1: Swinging Strike
3-2: Foul Ball, location: 2F
3-2: Foul Ball, location: 2F
3-2: Base on Balls
José Deleón to second
Batting: RHB Tommy Smith 0-0: Swinging Strike
0-1: Called Strike
0-2: Ball
1-2: Ball
2-2: Foul Ball, location: 2F
2-2: Foul Ball, location: 2F
2-2: Strikes out looking
Top of the 4th over - 0 runs, 1 hit, 0 errors, 2 left on base; Lee's Summit 3 - Cincinnati 0
BOTTOM OF THE 4TH
Cincinnati Pride batting - Pitching for Lee's Summit Tigers : RHP Renato Camardiel
Batting: LHB Pablo Garza 0-0: Ball
1-0: Ball
2-0: Called Strike
2-1: Ball
3-1: Base on Balls
Batting: LHB Terry Barton 0-0: Ball
1-0: Called Strike
1-1: Called Strike
Pablo Garza is caught stealing 2nd base
1-2: Ball
2-2: Strikes out swinging
Batting: LHB Kevin Hatcher 0-0: Ball
1-0: Ball
2-0: Ball
3-0: Foul Ball, location: 2F
3-1: Base on Balls
Batting: RHB Dudley Helms 0-0: Called Strike
0-1: Ball
1-1: SINGLE (Line Drive, 89S)
Kevin Hatcher to second
Batting: LHB Gene Cherry 0-0: Foul Ball, location: 2F
0-1: Called Strike
0-2: Strikes out swinging
Bottom of the 4th over - 0 runs, 1 hit, 0 errors, 2 left on base; Lee's Summit 3 - Cincinnati 0
TOP OF THE 5TH
Lee's Summit Tigers batting - Pitching for Cincinnati Pride : LHP Pedro Castro
Pitching: RHP Héctor Fabián
Batting: LHB Víctor Piña 0-0: Ball
1-0: Called Strike
1-1: Ball
2-1: Ball
3-1: Base on Balls
Batting: RHB Juan Rodríguez 0-0: Ball
1-0: Called Strike
1-1: Swinging Strike
1-2: Ball
2-2: Strikes out swinging
Batting: RHB Josh Martin 0-0: Ball
1-0: Foul Ball, location: 2F
1-1: Ball
2-1: Called Strike
2-2: Strikes out swinging
Batting: LHB Claudio Jiménez 0-0: Called Strike
0-1: Ball
1-1: Ball
2-1: Ball
3-1: Swinging Strike
3-2: Base on Balls
Víctor Piña to second
Batting: SHB Enrique Bartoccini 0-0: Called Strike
0-1: Called Strike
0-2: Ball
1-2: Strikes out swinging
Top of the 5th over - 0 runs, 0 hits, 0 errors, 2 left on base; Lee's Summit 3 - Cincinnati 0
BOTTOM OF THE 5TH
Cincinnati Pride batting - Pitching for Lee's Summit Tigers : RHP Renato Camardiel
Batting: RHB Owen Grant 0-0: Called Strike
0-1: Ball
1-1: Foul Ball, location: 2F
1-2: Strikes out swinging
Batting: RHB Ed Hines 0-0: Called Strike
0-1: Foul Ball, location: 2F
0-2: Ball
1-2: Ball
2-2: Ground out 6-3 (Groundball, 6)
Batting: LHB Ed Ballard 0-0: Fly out, F5 (Popup, 56)
Bottom of the 5th over - 0 runs, 0 hits, 0 errors, 0 left on base; Lee's Summit 3 - Cincinnati 0
TOP OF THE 6TH
Lee's Summit Tigers batting - Pitching for Cincinnati Pride : RHP Héctor Fabián
Batting: RHB José Deleón 0-0: Ball
1-0: Ball
2-0: Called Strike
2-1: Ball
3-1: Ground out 4-3 (Groundball, 4)
Batting: RHB William Flores 0-0: Ball
1-0: Swinging Strike
1-1: Ball
2-1: Foul Ball, location: 2F
2-2: Ball
3-2: DOUBLE (Flyball, 89D)
Batting: LHB Brian Lawson 0-0: Intentional Walk
Batting: RHB Tommy Smith 0-0: Called Strike
0-1: Foul Ball, location: 2F
0-2: Strikes out swinging
Batting: LHB Víctor Piña 0-0: Ball
1-0: Called Strike
1-1: Ball
2-1: Ball
3-1: Foul Ball, location: 2F
3-2: Strikes out swinging
Top of the 6th over - 0 runs, 1 hit, 0 errors, 2 left on base; Lee's Summit 3 - Cincinnati 0
BOTTOM OF THE 6TH
Cincinnati Pride batting - Pitching for Lee's Summit Tigers : RHP Renato Camardiel
Batting: LHB Juan Ortíz 0-0: Called Strike
0-1: Foul Ball, location: 2F
0-2: Ball
1-2: Ball
2-2: Foul Ball, location: 2F
2-2: Ball
3-2: TRIPLE (Line Drive, 78XD)
Batting: LHB Pablo Garza 0-0: Called Strike
0-1: Foul Ball, location: 2F
0-2: Ball
1-2: Ball
2-2: Strikes out swinging
Batting: LHB Terry Barton 0-0: Called Strike
0-1: Ball
1-1: Foul Ball, location: 2F
1-2: Ball
2-2: SINGLE (Groundball, 6MD)
Juan Ortíz scores
Batting: LHB Kevin Hatcher 0-0: Ball
Wild Pitch!
Terry Barton to second
1-0: Ball
2-0: Ball
3-0: Base on Balls
Pitching: RHP Mike Sherman
Batting: RHB Dudley Helms 0-0: Ball
1-0: Grounds into double play, 6-4-3 (Groundball, 6)
Bottom of the 6th over - 1 run, 2 hits, 0 errors, 1 left on base; Lee's Summit 3 - Cincinnati 1
TOP OF THE 7TH
Lee's Summit Tigers batting - Pitching for Cincinnati Pride : RHP Héctor Fabián
Batting: RHB Juan Rodríguez 0-0: Swinging Strike
0-1: Fly out, F9 (Flyball, 9LM)
Batting: RHB Josh Martin 0-0: SOLO HOME RUN (Line Drive, 7D), Distance : 394 ft
Batting: LHB Claudio Jiménez 0-0: Ball
1-0: Foul Ball, location: 2F
1-1: Foul Ball, location: 2F
1-2: Fly out, F7 (Flyball, 7LM)
Batting: SHB Enrique Bartoccini 0-0: Called Strike
0-1: Called Strike
0-2: DOUBLE (Line Drive, 78D)
Batting: RHB José Deleón 0-0: Ball
1-0: Called Strike
1-1: Swinging Strike
1-2: 2-RUN HOME RUN (Flyball, 9D), Distance : 421 ft
Pitching: RHP Harry Cuevas
Batting: RHB William Flores 0-0: Ball
1-0: Ball
2-0: Swinging Strike
2-1: Ball
3-1: Base on Balls
Batting: LHB Brian Lawson 0-0: Called Strike
William Flores steals 2nd base
0-1: Ball
1-1: Foul Ball, location: 2F
1-2: Strikes out looking
Top of the 7th over - 3 runs, 3 hits, 0 errors, 1 left on base; Lee's Summit 6 - Cincinnati 1
BOTTOM OF THE 7TH
Cincinnati Pride batting - Pitching for Lee's Summit Tigers : RHP Mike Sherman
Batting: LHB Gene Cherry 0-0: Ball
1-0: Called Strike
1-1: Ball
2-1: Called Strike
2-2: Strikes out swinging
Batting: RHB Owen Grant 0-0: Swinging Strike
0-1: Foul Ball, location: 2F
0-2: Ball
1-2: Ball
2-2: Ball
3-2: Foul Ball, location: 2F
3-2: Foul Ball, location: 2F
3-2: Strikes out swinging
Batting: RHB Ed Hines 0-0: Ball
1-0: Called Strike
1-1: Ball
2-1: Foul Ball, location: 2F
2-2: Ball
3-2: Fly out, F7 (Line Drive, 78M)
Bottom of the 7th over - 0 runs, 0 hits, 0 errors, 0 left on base; Lee's Summit 6 - Cincinnati 1
TOP OF THE 8TH
Lee's Summit Tigers batting - Pitching for Cincinnati Pride : RHP Harry Cuevas
Batting: RHB Tommy Smith 0-0: Called Strike
0-1: Swinging Strike
0-2: Ball
1-2: Strikes out swinging
Batting: LHB Víctor Piña 0-0: Ball
1-0: Ball
2-0: SINGLE (Groundball, 6D)
Batting: RHB Juan Rodríguez 0-0: Swinging Strike
0-1: Ball
1-1: Called Strike
1-2: Ball
2-2: Foul Ball, location: 2F
2-2: Ball
3-2: Base on Balls
Víctor Piña to second
Batting: RHB Josh Martin 0-0: Foul Ball, location: 2F
0-1: Ball
1-1: Swinging Strike
1-2: Ball
2-2: Foul Ball, location: 2F
2-2: Ball
3-2: Base on Balls
Víctor Piña to third
Juan Rodríguez to second
Pitching: LHP Robin Walton
Batting: LHB Claudio Jiménez 0-0: Called Strike
0-1: Foul Ball, location: 2F
0-2: Ball
1-2: Ball
2-2: Strikes out swinging
Pitching: RHP Pierre-Olivier Morin
Batting: SHB Enrique Bartoccini 0-0: Ball
1-0: Ball
2-0: Foul Ball, location: 2F
2-1: Ball
3-1: Base on Balls
Víctor Piña scores
Juan Rodríguez to third
Josh Martin to second
Batting: RHB José Deleón 0-0: SINGLE (Line Drive, 89M)
Juan Rodríguez scores
Josh Martin to third
Enrique Bartoccini to second
Batting: RHB William Flores 0-0: Called Strike
0-1: Foul Ball, location: 2F
0-2: Ball
1-2: Foul Ball, location: 2F
1-2: Ground out 6-3 (Groundball, 6M)
Top of the 8th over - 2 runs, 2 hits, 0 errors, 3 left on base; Lee's Summit 8 - Cincinnati 1
BOTTOM OF THE 8TH
Cincinnati Pride batting - Pitching for Lee's Summit Tigers : RHP Mike Sherman
Batting: LHB Ed Ballard 0-0: Foul Ball, location: 2F
0-1: Ball
1-1: Ball
2-1: Foul Ball, location: 2F
2-2: Foul Ball, location: 2F
2-2: Strikes out swinging
Batting: LHB Juan Ortíz 0-0: Ball
1-0: Called Strike
1-1: Called Strike
1-2: Ball
2-2: Foul Ball, location: 2F
2-2: Strikes out swinging
Batting: LHB Pablo Garza 0-0: Called Strike
0-1: Ball
1-1: Swinging Strike
1-2: Strikes out swinging
Bottom of the 8th over - 0 runs, 0 hits, 0 errors, 0 left on base; Lee's Summit 8 - Cincinnati 1
TOP OF THE 9TH
Lee's Summit Tigers batting - Pitching for Cincinnati Pride : RHP Pierre-Olivier Morin
Batting: LHB Brian Lawson 0-0: Foul Ball, location: 2F
0-1: Foul Ball, location: 2F
0-2: Strikes out swinging
Batting: RHB Tommy Smith 0-0: Ball
1-0: Called Strike
1-1: Fly out, F8 (Flyball, 8RM)
Batting: LHB Víctor Piña 0-0: Ball
1-0: Called Strike
1-1: DOUBLE (Groundball, 3L)
Batting: RHB Juan Rodríguez 0-0: Ball
1-0: SINGLE (Line Drive, 4MD)
Víctor Piña to third
Runner from 3rd tries for Home, throw and OUT!
Top of the 9th over - 0 runs, 2 hits, 0 errors, 1 left on base; Lee's Summit 8 - Cincinnati 1
BOTTOM OF THE 9TH
Cincinnati Pride batting - Pitching for Lee's Summit Tigers : RHP Mike Sherman
Now at C: Gerardo Romero
Now at 2B: Stephen Segura
Batting: LHB Terry Barton 0-0: Ball
1-0: Foul Ball, location: 2F
1-1: Fly out, F5 (Flyball, 5DF)
Batting: LHB Kevin Hatcher 0-0: Ball
1-0: Swinging Strike
1-1: Ball
2-1: Foul Ball, location: 2F
2-2: Ball
3-2: Ground out 6-3 (Groundball, 6)
Batting: RHB Dudley Helms 0-0: Called Strike
0-1: Fly out, F8 (Line Drive, 8RD)
Bottom of the 9th over - 0 runs, 0 hits, 0 errors, 0 left on base; Lee's Summit 8 - Cincinnati 1
Saturday, April 7th, 2018 - OOTP Baseball 18.8 Build 76